 Dungeon Crawl Stone Soup version 0.23.1 (webtiles) character file.

Game seed: 0

174319 zedzed the Severer (level 18, 0/170 HPs)
             Began as a Hill Orc Fighter on Mar 5, 2019.
             Was an Elder of Qazlal.
             Slain by a spark wasp (4 damage)
             ... on level 2 of the Depths on Mar 6, 2019.
             The game lasted 02:53:39 (35689 turns).

zedzed the Severer (Hill Orc Fighter)              Turns: 35689, Time: 02:53:40

Health: 0/170      AC: 29    Str: 27    XL:     18   Next: 7%
Magic:  22/30      EV: 14    Int:  8    God:    Qazlal [****..]
Gold:   2929       SH: 20    Dex: 10    Spells: 17/17 levels left

rFire    . . .     SeeInvis .   W - +7 war axe
rCold    . . .     Gourm    .   c - +1 shield
rNeg     + . .     Faith    .   b - +2 chain mail {rPois}
rPois    +         Spirit   .   I - +2 helmet
rElec    +         Reflect  .   l - +2 cloak
rCorr    .         Harm     .   Y - +2 pair of gloves
MR       +....                  V - +2 pair of boots {run}
Stlth    ..........             (no amulet)
HPRegen  0.38/turn              y - ring of the Curious Souls {rElec rPois rN+}
MPRegen  0.22/turn              E - +2 ring of evasion

@: very slightly contaminated, repel missiles, quick
A: no striking features
a: Upheaval, Elemental Force, Renounce Religion


You were on level 2 of the Depths.
You worshipped Qazlal.
Qazlal was greatly pleased with you.
You were not hungry.

You visited 7 branches of the dungeon, and saw 30 of its levels.
You also visited: Ossuary and Ice Cave.

You collected 3146 gold pieces.
You spent 217 gold pieces at shops.

Inventory:

Hand Weapons
 a - a +3 battleaxe of freezing
 B - a +2 hand axe of electrocution
 W - a +7 war axe (weapon)
Armour
 b - a +2 chain mail of poison resistance (worn)
 c - a +1 shield (worn)
 l - a +2 cloak (worn)
 v - a +3 chain mail
 D - the +3 scale mail "Igigiedei" {Int+4}
   (You found it in an ice cave)

   It affects your intelligence (+4).
 H - a +0 crystal plate armour
 I - a +2 helmet (worn)
 O - a +0 large shield
 V - a +2 pair of boots of running (worn)
 Y - a +2 pair of gloves (worn)
Jewellery
 h - an uncursed ring of protection from magic
 q - an uncursed ring of protection from cold
 w - an uncursed ring of resist corrosion
 y - the ring of the Curious Souls (left hand) {rElec rPois rN+}
   (You acquired it on level 12 of the Dungeon)

   [ring of positive energy]

   It insulates you from electricity.
   It protects you from poison.
   It protects you from negative energy.
 z - an uncursed amulet of rage
 E - a +2 ring of evasion (right hand)
 J - a +5 ring of strength
 M - the ring "Ethrirgh" {Wiz Int+6 Dex-3}
   (You took it off a naga ritualist on level 2 of the Snake Pit)

   [ring of wizardry]

   It improves your spell success rate.
   It affects your intelligence (+6).
   It affects your dexterity (-3).
 R - a +1 ring of protection
Wands
 x - a wand of scattershot (7)
 G - a wand of acid (28)
 K - a wand of digging (7)
 L - a wand of iceblast (4)
 N - a wand of paralysis (15)
 T - a wand of flame (50)
Scrolls
 g - 5 scrolls of enchant armour
 j - 12 scrolls of remove curse
 k - 11 scrolls of identify
 o - 8 scrolls of teleportation
 r - 2 scrolls of fear
 t - 4 scrolls of enchant weapon
 P - a scroll of amnesia {unknown}
 S - a scroll of magic mapping
 U - a scroll of fog
Potions
 d - 2 potions of might
 e - 3 potions of heal wounds
 i - 6 potions of curing
 m - 2 potions of brilliance {unknown}
 n - 4 potions of agility {unknown}
 s - a potion of invisibility {unknown}
 u - 3 potions of berserk rage {unknown}
 A - 4 potions of lignification {unknown}
 C - 2 potions of haste {unknown}
 F - 4 potions of ambrosia {unknown}
 Q - 6 potions of flight
 Z - a potion of magic {unknown}
Comestibles
 f - 43 rations


   Skills:
 * Level 17.3 Fighting
 - Level 18.2 Axes
 - Level 13.3 Armour
 - Level 8.0 Dodging
 - Level 15.0 Shields
 - Level 17.0 Invocations


You had 17 spell levels left.
You didn't know any spells.
Your spell library contained the following spells:

 Spells                   Type           Power        Failure   Level  Hunger
 Animate Skeleton         Necr           N/A          86%         1    ##.....
 Apportation              Tloc           #.....       86%         1    ##.....
 Confusing Touch          Hex            #.....       86%         1    ##.....
 Corona                   Hex            #......      86%         1    ##.....
 Magic Dart               Conj           #...         86%         1    ##.....
 Pain                     Necr           #...         86%         1    ##.....
 Shock                    Conj/Air       #...         86%         1    ##.....
 Summon Small Mammal      Summ           #...         86%         1    ##.....
 Call Imp                 Summ           #.......     95%         2    ###....
 Corpse Rot               Necr           N/A          95%         2    ###....
 Poisonous Vapours        Pois/Air       #.....       95%         2    ###....
 Searing Ray              Conj           #.....       95%         2    ###....
 Slow                     Hex            #.......     95%         2    ###....
 Sublimation of Blood     Necr           #.........   95%         2    ###....
 Swiftness                Chrm/Air       #.......     95%         2    ###....
 Call Canine Familiar     Summ           #.......     99%         3    ####...
 Conjure Flame            Conj/Fire      #.......     99%         3    ####...
 Dazzling Spray           Conj/Hex       #.....       99%         3    ####...
 Inner Flame              Hex/Fire       #.......     99%         3    ####...
 Mephitic Cloud           Conj/Pois/Air  #.......     99%         3    ####...
 Portal Projectile        Hex/Tloc       #.....       99%         3    ####...
 Static Discharge         Conj/Air       #.......     99%         3    ####...
 Summon Guardian Golem    Hex/Summ       #.......     99%         3    ####...
 Airstrike                Air            #.........   100%        4    #####..
 Animate Dead             Necr           N/A          100%        4    #####..
 Cause Fear               Hex            #.........   100%        4    #####..
 Force Lance              Conj/Tloc      #.......     100%        4    #####..
 Fulminant Prism          Conj/Hex       #.........   100%        4    #####..
 Iskenderun's Mystic Bla  Conj           #.......     100%        4    #####..
 Leda's Liquefaction      Hex/Erth       #.........   100%        4    #####..
 Summon Ice Beast         Ice/Summ       #.......     100%        4    #####..
 Summon Lightning Spire   Summ/Air       #.......     100%        4    #####..
 Agony                    Necr           #.......     100%        5    ######.
 Bolt of Magma            Conj/Fire/Erth #.........   100%        5    ######.
 Iskenderun's Battlesphe  Conj/Chrm      #.......     100%        5    ######.
 Lightning Bolt           Conj/Air       #.........   100%        5    ######.
 Venom Bolt               Conj/Pois      #.........   100%        5    ######.
 Freezing Cloud           Conj/Ice/Air   #.........   100%        6    #######
 Iron Shot                Conj/Erth      #.........   100%        6    #######
 Simulacrum               Ice/Necr       #.........   100%        6    #######
 Orb of Destruction       Conj           #.........   100%        7    #######
 Ring of Flames           Chrm/Fire      #.........   100%        7    #######
 Spellforged Servitor     Conj/Summ      #.........   100%        7    #######


Dungeon Overview and Level Annotations

Branches:
Dungeon (15/15)            Temple (1/1) D:5            Lair (6/6) D:9
  Swamp (0/4) Lair:4        Snake (2/4) Lair:4        Slime (0/5) Lair:5
    Orc (2/2) D:12            Elf (2/3) Orc:2        Vaults (0/5) D:13
 Depths (2/5) D:15

Altars:
Ashenzari
Cheibriados
Dithmenos
Elyvilon
Fedhas
Gozag
Hepliaklqana
Kikubaaqudgha
Makhleb
Nemelex Xobeh
Okawaru
Qazlal
Ru
Sif Muna
Trog
Uskayaw
Vehumet
Wu Jian
Xom
Yredelemnul
Zin
The Shining One
Beogh
Jiyva

Shops:
D:5 :}*%}   D:6 !   D:7 ??   Orc:2 ?(}[

Portals:
Pandemonium: Depths:1

Annotations:
D:5 2 transporters, Jaiteiro's ghost, novice OpFi
D:10 exclusion: ice statue
Elf:1 Donald
Depths:2 exclusion: orange crystal statue


Message History

You block the spark wasp's attack. x2
You block the spark wasp's attack.
A yaktaur comes into view.
Found 15 gold pieces.
You hear a horrible gurgling sound!
You hear a shout!
A centaur warrior comes into view.
The yaktaur wields a +0 arbalest.
The yaktaur shoots a bolt.
The bolt is repelled.
The spark wasp is engulfed in freezing vapours.
You block the spark wasp's attack.
You hear a deafening roar!
You hear a horrible gurgling sound!
There is a stone staircase leading up here.
You can't go down here!
You hear a horrible gurgling sound! x2
The centaur warrior wields a +0 shortbow.
The centaur warrior shoots an arrow.
You block the arrow.
The yaktaur shoots a bolt.
The bolt is repelled.
The spark wasp stings you!!
* * * LOW HITPOINT WARNING * * *
The spark wasp shocks you. You resist.
You die...

#.######..#.##......#
.O............
##°..#.....cc.
#.##.......#
#y..........
#...........
#.y.○☼......
#.°.y.......
#..y@#.....
#...(#.##.. +.....# #
#....## ......#
..$....# .......#
.......


You could see 4 spark wasps, a centaur warrior, a two-headed ogre and a yaktaur.

Vanquished Creatures
  Jorgrun (D:13)
  A deep elf blademaster (Elf:2)
  Gastronok (Lair:3)
  Roxanne (D:15)
  2 orc warlords (Orc:1)
  A fire giant (D:15)
  A frost giant (IceCv)
  Aizul (Snake:2)
  The ghost of ABBCCCDDDD the Carver, a journeyman HuFi of Makhleb (Orc:1)
  An entropy weaver (D:13)
  A dire elephant (Lair:4)
  Nessos (D:13)
  A lorocyproca (Depths:1)
  A deep elf annihilator (Elf:2)
  Snorg (Lair:3)
  2 deep elf death magi (Elf:1)
  4 hydras
  7 anacondas
  3 naga warriors
  4 two-headed ogres
  12 dancing weapons
  2 death knights
  2 ogre magi
  A death yak (IceCv)
  A queen ant (D:13)
  2 shock serpents (Snake:2)
  An orc high priest (Orc:1)
  5 naga sharpshooters
  9 deep elf knights (Elf:2)
  Nergalle (Orc:2)
  A salamander mystic (Snake:2)
  11 skeletal warriors
  2 unseen horrors
  4 naga ritualists
  A wizard (Elf:2)
  2 deep elf archers
  4 orc knights
  A phantasmal warrior (D:14)
  A necromancer (Lair:2)
  9 orc sorcerers (Orc:2)
  19 deep elf magi
  3 mana vipers
  3 slime creatures (D:14)
  2 manticores (D:12)
  7 cyclopes
  3 salamanders
  A guardian serpent (Snake:2)
  3 ugly things
  A black mamba (shapeshifter) (D:15)
  2 centaur zombies
  25 elephants
  Psyche (D:9)
  27 black mambas
  2 naga magi (Snake:2)
  17 spiny frogs
  2 gargoyles
  2 orange demons (Depths:1)
  3 rime drakes
  A torpor snail (Lair:6)
  3 yaktaurs
  An efreet (D:15)
  A hellwing (Depths:1)
  11 komodo dragons
  7 trolls
  2 tengu conjurers (D:15)
  22 polar bears
  A wolf spider simulacrum (D:15)
  A hornet (D:13)
  A hornet (shapeshifter) (D:14)
  11 hippogriffs
  5 blink frogs (Lair:6)
  4 raiju (Lair:6)
  12 dream sheep
  2 air elementals
  4 shadows
  A wyvern (D:14)
  4 water elementals
  A yak (shapeshifter) (D:10)
  A vampire (D:13)
  A human (D:12)
  69 yaks
  5 basilisks
  8 spriggans
  A wraith (D:14)
  A neqoxec (Depths:1)
  2 fire elementals (Elf:1)
  A golden eye (shapeshifter) (Elf:2)
  3 hungry ghosts
  7 vampire mosquitoes (D:14)
  13 nagas
  12 wargs
  17 soldier ants (D:13)
  11 hell hounds (Lair:6)
  An acid dragon (D:13)
  13 water moccasins
  A water moccasin (shapeshifter) (D:15)
  7 porcupines
  2 ice beasts
  33 orc warriors
  A hornet zombie (D:15)
  2 eyes of draining
  5 phantoms
  A necrophage (D:14)
  12 black bears
  15 ogres
  31 wolves
  20 centaurs
  A big kobold (D:9)
  11 crocodiles
  14 bullfrogs
  3 elf zombies (Ossuary)
  A wyvern zombie (D:11)
  A gnoll sergeant (D:7)
  A water moccasin zombie (D:8)
  3 earth elementals
  3 wyvern skeletons
  A scorpion (D:4)
  A water moccasin skeleton (D:11)
  26 killer bees
  12 wights
  3 howler monkeys
  2 electric eels (Lair:4)
  6 crimson imps
  A quasit (D:5)
  13 hounds
  26 orc priests
  7 centaur skeletons
  2 human zombies (Ossuary)
  4 jellies
  3 bullfrog skeletons
  45 orc wizards
  6 iguanas
  36 worker ants
  A yak simulacrum (Lair:2)
  3 polar bear simulacra (Lair:2)
  2 wolf simulacra (Lair:2)
  A killer bee zombie (D:6)
  2 big kobold zombies (Ossuary)
  2 hound skeletons
  2 mummies (Ossuary)
  3 worker ant zombies
  Robin (D:2)
  3 gnolls (D:7)
  9 adders
  3 shadow imps
  12 white imps (Lair:3)
  4 adder zombies
  2 adder skeletons
  2 dart slugs (D:2)
  A worm (D:2)
  5 leopard geckos
  113 orcs
  A ball python (D:7)
  3 giant cockroaches
  16 goblins
  12 hobgoblins
  4 jackals (D:8)
  13 kobolds
  6 quokkas
  8 bats
  10 frilled lizards
  A goblin zombie (Ossuary)
  10 hobgoblin zombies (Ossuary)
  6 kobold zombies (Ossuary)
  8 orc zombies (Ossuary)
  8 rats
  2 rat zombies (Ossuary)
  5 river rat simulacra (Lair:2)
  A spectral orc (D:7)
  2 fungi
  4 plants
1145 creatures vanquished.

Vanquished Creatures (collateral kills)
  An entropy weaver (D:13)
  A dancing weapon (D:12)
2 creatures vanquished.

Vanquished Creatures (others)
  A wizard (Elf:2)
  An adder (D:2)
  27 fungi
  21 plants
50 creatures vanquished.

Grand Total: 1197 creatures vanquished

Notes
Turn   | Place    | Note
-------+----------+-------------------------------------------
     0 | D:1      | zedzed the Hill Orc Fighter began the quest for the Orb.
     0 | D:1      | Reached XP level 1. HP: 19/19 MP: 1/1
   207 | D:1      | Reached skill level 3 in Axes
   314 | D:1      | Reached XP level 2. HP: 27/27 MP: 2/2
  1092 | D:2      | Reached XP level 3. HP: 34/34 MP: 3/3
  1165 | D:2      | Noticed Robin
  1193 | D:2      | Reached skill level 4 in Axes
  1270 | D:2      | Killed Robin
  1270 | D:2      | Reached XP level 4. HP: 30/41 MP: 4/4
  1406 | D:2      | Found a sacrificial altar of Ru.
  1421 | D:2      | Reached skill level 5 in Fighting
  1610 | D:2      | Found a radiant altar of Vehumet.
  1729 | D:2      | Found an ornate altar of the Wu Jian Council.
  1735 | D:2      | Reached skill level 5 in Axes
  2024 | D:2      | Reached XP level 5. HP: 48/48 MP: 5/5
  2812 | D:4      | Reached skill level 6 in Axes
  2812 | D:4      | Reached XP level 6. HP: 45/57 MP: 6/6
  3006 | D:4      | Found a deep blue altar of Sif Muna.
  3622 | D:5      | Entered Level 5 of the Dungeon
  3885 | D:5      | Reached skill level 7 in Axes
  3885 | D:5      | Reached XP level 7. HP: 13/66 MP: 7/7
  4443 | D:5      | Found a transporter.
  4446 | D:5      | Noticed Jaiteiro's ghost (novice OpFi)
  4458 | D:5      | Found a transporter.
  4552 | D:5      | Found the +4 robe of Augmentation {Str+4 Int+4 Dex+4}
  4552 | D:5      | Found Juomuddu's Food Emporium.
  4552 | D:5      | Found Noun's Gadget Emporium.
  4562 | D:5      | Found Panlurax's Book Emporium.
  4565 | D:5      | Found Zeibeitt's Assorted Antiques.
  4629 | D:5      | Reached skill level 8 in Axes
  4787 | D:5      | Found Toadeel's Gadget Shoppe.
  4861 | D:5      | Found a burning altar of Makhleb.
  4899 | D:5      | Found a staircase to the Ecumenical Temple.
  5105 | Temple   | Entered the Ecumenical Temple
  5248 | D:6      | Found an opulent altar of Gozag.
  5279 | D:6      | Found a hazy altar of Hepliaklqana.
  5369 | D:6      | Reached XP level 8. HP: 67/74 MP: 8/8
  5578 | D:6      | Found a sand-covered staircase.
  5587 | Ossuary  | Entered an ossuary
  6062 | Ossuary  | Reached skill level 5 in Armour
  6062 | Ossuary  | Reached skill level 5 in Shields
  6609 | D:6      | Found Hutorul's Distillery.
  7072 | D:7      | Found a shattered altar of Ashenzari.
  7073 | D:7      | Found a glowing silver altar of Zin.
  7082 | D:7      | Reached XP level 9. HP: 82/82 MP: 9/9
  7104 | D:7      | Found a basalt altar of Yredelemnul.
  7149 | D:7      | Found Siulimec's Magic Scroll Shop.
  7469 | D:8      | Reached skill level 9 in Axes
  7520 | D:8      | Reached skill level 10 in Axes
  7640 | D:8      | Reached skill level 11 in Axes
  7716 | D:8      | Noticed a two-headed ogre
  7758 | D:8      | Killed a two-headed ogre
  7758 | D:8      | Reached skill level 12 in Axes
  7758 | D:8      | Reached XP level 10. HP: 62/91 MP: 10/10
  8080 | D:8      | Reached skill level 13 in Axes
  8301 | D:8      | Noticed a two-headed ogre
  8311 | D:8      | Killed a two-headed ogre
  8311 | D:8      | Reached skill level 14 in Axes
  8429 | D:8      | Found a shadowy altar of Dithmenos.
  8800 | D:8      | Found a blossoming altar of Fedhas.
  9439 | D:9      | Identified Cuwukhlo's Catalogue of Evil
  9482 | D:9      | Found a staircase to the Lair.
  9482 | D:9      | Noticed an elephant
  9504 | D:9      | Killed an elephant
  9841 | D:9      | Found a stormy altar of Qazlal.
  9849 | D:9      | Became a worshipper of Qazlal Stormbringer
  9907 | D:9      | Reached XP level 11. HP: 93/99 MP: 11/11
  9925 | D:9      | Reached skill level 10 in Fighting
 10725 | D:3      | Reached * piety under Qazlal
 11401 | D:7      | Found Keudeam's Magic Scroll Shop.
 11409 | D:7      | Bought a scroll of remove curse for 39 gold pieces
 11580 | D:7      | Bought a scroll of identify for 28 gold pieces
 11828 | D:7      | Reached skill level 1 in Invocations
 12037 | D:9      | Noticed Psyche
 12054 | D:9      | Killed Psyche
 12223 | D:10     | Entered Level 10 of the Dungeon
 13014 | D:11     | Reached skill level 10 in Shields
 13231 | D:11     | Reached ** piety under Qazlal
 13391 | D:11     | Killed an unseen horror
 13391 | D:11     | Reached skill level 5 in Invocations
 13727 | D:11     | Noticed a skeletal warrior
 13732 | D:11     | Noticed a skeletal warrior
 13736 | D:11     | Noticed a skeletal warrior
 13737 | D:11     | Killed a skeletal warrior
 13747 | D:11     | Noticed a skeletal warrior
 13751 | D:11     | Killed a skeletal warrior
 13751 | D:11     | Reached XP level 12. HP: 68/106 MP: 9/16
 14766 | D:12     | Reached skill level 15 in Axes
 14810 | D:12     | Found a staircase to the Orcish Mines.
 14885 | D:12     | Got a sparkling bronze ring
 14886 | D:12     | Identified the ring "Hamist" {Str+4 Stlth-} (You found it
                  | on level 12 of the Dungeon)
 14985 | D:12     | Reached *** piety under Qazlal
 15688 | Lair:1   | Entered Level 1 of the Lair of Beasts
 16378 | Lair:1   | Found an ancient bone altar of Kikubaaqudgha.
 16435 | Lair:1   | Reached skill level 16 in Axes
 16862 | Lair:2   | Got a translucent ring mail
 16863 | Lair:2   | Identified the +4 ring mail "Epnav" {rPois rCorr Str-3
                  | Int-5} (You found it on level 2 of the Lair of Beasts)
 16887 | Lair:2   | Reached XP level 13. HP: 118/118 MP: 19/19
 16892 | Lair:2   | Reached **** piety under Qazlal
 17639 | Lair:3   | Noticed Snorg
 17656 | Lair:3   | Killed Snorg
 17996 | Lair:3   | Found a frozen archway.
 18043 | IceCv    | Entered an ice cave
 18141 | IceCv    | Reached skill level 10 in Invocations
 18300 | IceCv    | Reached ***** piety under Qazlal
 18552 | IceCv    | Noticed a frost giant
 18566 | IceCv    | Killed a frost giant
 18595 | IceCv    | Got a transparent scale mail
 18606 | IceCv    | Identified the +3 scale mail "Igigiedei" {Int+4} (You found
                  | it in an ice cave)
 18706 | Lair:3   | Noticed Gastronok
 18725 | Lair:3   | Killed Gastronok
 19372 | Lair:4   | Reached XP level 14. HP: 113/132 MP: 22/22
 19553 | Lair:4   | Found a staircase to the Snake Pit.
 19599 | Lair:4   | Noticed a dire elephant
 19628 | Lair:4   | Killed a dire elephant
 19643 | Lair:4   | Reached skill level 5 in Dodging
 20154 | Lair:4   | Found a staircase to the Swamp.
 20778 | Lair:5   | Got a blackened ring mail
 21026 | Lair:5   | Found a viscous altar of Jiyva.
 21027 | Lair:5   | Found a staircase to the Slime Pits.
 21156 | Lair:5   | You fall through a shaft!
 21156 | Lair:6   | Entered Level 6 of the Lair of Beasts
 21200 | Lair:6   | Found a gate leading to a gauntlet.
 21368 | Lair:6   | Reached skill level 15 in Fighting
 21762 | Lair:6   | Found an ornate altar of the Wu Jian Council.
 22044 | Lair:6   | Reached XP level 15. HP: 143/143 MP: 25/25
 22218 | Lair:6   | Reached ****** piety under Qazlal
 22772 | D:11     | Identified the +1 ring mail of Honesty {rPois} (You found
                  | it on level 5 of the Lair of Beasts)
 24032 | D:13     | Noticed Nessos
 24090 | D:13     | Killed Nessos
 24467 | D:13     | Reached skill level 15 in Invocations
 24874 | D:13     | Noticed Jorgrun
 24882 | D:13     | Killed Jorgrun
 25337 | D:13     | Found a gate to the Vaults.
 25457 | D:12     | Identified 2 scrolls of acquirement
 25458 | D:12     | Got a transparent tin ring
 25460 | D:12     | Identified the ring of the Curious Souls {rElec rPois rN+}
                  | (You acquired it on level 12 of the Dungeon)
 25649 | D:14     | Found a radiant altar of Vehumet.
 25667 | D:14     | Reached XP level 16. HP: 150/152 MP: 27/27
 26264 | D:15     | Entered Level 15 of the Dungeon
 26391 | D:14     | Reached skill level 15 in Shields
 26714 | Orc:1    | Entered Level 1 of the Orcish Mines
 26847 | Orc:1    | Found a dark tunnel.
 26946 | Orc:2    | Entered Level 2 of the Orcish Mines
 27315 | Orc:2    | Found Akastru's Magic Scroll Shoppe.
 27331 | Orc:2    | Noticed Nergalle
 27346 | Orc:2    | Killed Nergalle
 27358 | Orc:2    | Found an ancient bone altar of Kikubaaqudgha.
 27430 | Orc:2    | Found a radiant altar of Vehumet.
 27456 | Orc:2    | Found Bix Emia's Antique Weapon Emporium.
 27775 | Orc:1    | Identified the cursed +0 short sword "Zynuocri" {pierce,
                  | *Rage rF- rN+ Str+8}
 27809 | Orc:1    | Identified the +7 dire flail of Buryil {flame, rPois rC-
                  | Int+8}
 27951 | Orc:1    | Noticed ABBCCCDDDD's ghost (journeyman HuFi)
 28059 | Orc:1    | Found a runed translucent gate.
 28059 | Orc:1    | Found a runed translucent gate.
 28060 | Orc:1    | Found a runed translucent gate.
 28082 | Orc:1    | Found a roughly hewn altar of Beogh.
 28144 | Orc:1    | Killed ABBCCCDDDD's ghost
 28144 | Orc:1    | Reached skill level 17 in Axes
 28537 | Orc:1    | Identified a +0 pair of boots of running (You found it on
                  | level 1 of the Orcish Mines)
 28887 | Orc:2    | Found a staircase to the Elven Halls.
 29038 | Orc:2    | Found Mem Mima's Gadget Emporium.
 29038 | Orc:2    | Found a roughly hewn altar of Beogh.
 29043 | Orc:2    | Found Kickuse's Antique Armour Shoppe.
 29154 | Orc:2    | Bought a runed chain mail for 150 gold pieces
 29412 | Snake:1  | Entered Level 1 of the Snake Pit
 30920 | Snake:2  | Reached XP level 17. HP: 125/159 MP: 29/29
 30935 | Snake:2  | Noticed Aizul
 30974 | Snake:2  | Killed Aizul
 30974 | Snake:2  | Reached skill level 18 in Axes
 31691 | Snake:2  | Identified the ring "Ethrirgh" {Wiz Int+6 Dex-3}
 32033 | Snake:2  | Reached skill level 10 in Armour
 32746 | Elf:1    | Entered Level 1 of the Elven Halls
 32752 | Elf:1    | You fall through a shaft!
 32753 | Elf:2    | Noticed a deep elf blademaster
 32778 | Elf:2    | Killed a deep elf blademaster
 33257 | Elf:1    | Noticed Donald
 33263 | Elf:1    | HP: 5/159 [deep elf mage/bolt of lightning (10)]
 34725 | D:15     | Found a staircase to the Depths.
 34898 | D:15     | Noticed Roxanne
 34935 | D:15     | Killed Roxanne
 34935 | D:15     | Reached XP level 18. HP: 112/169 MP: 30/30
 35439 | Depths:1 | Entered Level 1 of the Depths
 35484 | Depths:1 | Found a one-way gate leading to the halls of Pandemonium.
 35647 | Depths:1 | You fall through a shaft!
 35689 | Depths:2 | HP: 4/170 [spark wasp (21)]
 35689 | Depths:2 | Slain by a spark wasp

Skill      XL: |  1  2  3  4  5  6  7  8  9 10 11 12 13 14 15 16 17 |
---------------+----------------------------------------------------+-----
Axes           | 3 4 5 6 7 8 12 14 16 17 18 | 18.2
Fighting       | 4 5 6 7 8 9 10 12 14 15 16 17 | 17.3
Armour         | 6 8 13 | 13.3
Shields        | 6 8 11 12 14 15 | 15.0
Invocations    | 6 9 11 13 15 16 17 | 17.0
Dodging        | 3 6 7 8 |  8.0

Action                   |  1- 3 |  4- 6 |  7- 9 | 10-12 | 13-15 | 16-18 || total
-------------------------+-------+-------+-------+-------+-------+-------++-------
Melee: War axe           |   108 |   200 |   291 |       |       |   158 ||   757
       Hand axe          |       |       |   191 |   859 |  1638 |  1288 ||  3976
Invok: Upheaval          |       |       |       |     2 |     2 |     4 ||     8
       Elemental Force   |       |       |       |       |     4 |     2 ||     6
       Disaster Area     |       |       |       |       |     1 |     5 ||     6
Evoke: Wand              |       |       |       |     5 |     7 |       ||    12
  Use: Scroll            |       |     4 |     1 |     7 |    14 |    14 ||    40
       Potion            |       |       |       |     1 |     1 |    10 ||    12
 Stab: Paralysed         |       |     1 |       |       |       |       ||     1
       Distracted        |       |       |       |       |     2 |       ||     2
  Eat: Chunk             |     1 |     5 |    10 |    22 |    20 |     4 ||    62
       Ration            |       |     1 |     1 |     2 |     4 |     8 ||    16
Armor: Scale mail        |    27 |   106 |   143 |   141 |    11 |       ||   428
       Chain mail        |       |       |       |       |   248 |   167 ||   415
       Troll leather arm |       |       |       |       |    28 |       ||    28
       Crystal plate arm |       |       |       |       |       |   129 ||   129
Dodge: Dodged            |    20 |    58 |    69 |   120 |   281 |   224 ||   772
       Deflected         |       |       |       |       |    25 |    27 ||    52
Block: Shield            |    44 |    98 |   187 |   385 |  1128 |   981 ||  2823
